 Dungeon Crawl Stone Soup version 0.24-a0-91-g4e4936a (webtiles) character file.

Game seed: 4038490836497626511

1124 Borgoz the Chopper (level 8, -1/49 HPs)
             Began as a Gargoyle Gladiator on Feb 9, 2019.
             Slain by Prince Ribbit (9 damage)
             ... on level 6 of the Dungeon.
             The game lasted 00:08:59 (3943 turns).

Borgoz the Chopper (Gargoyle Gladiator)             Turns: 3943, Time: 00:09:00

Health: -1/49      AC: 17    Str: 18    XL:     8   Next: 35%
Magic:  17/17      EV:  9    Int:  9    God:
Gold:   285        SH:  0    Dex: 13    Spells: 7/7 levels left

rFire    . . .     SeeInvis .   a - +0 war axe
rCold    . . .     Gourm    .   (no shield)
rNeg     + . .     Faith    .   v - +0 chain mail
rPois    ∞         Spirit   .   c - +0 helmet
rElec    +         Reflect  .   e - +0 cloak
rCorr    .         Harm     .   (no gloves)
MR       .....                  (no boots)
Stlth    ..........             (no amulet)
HPRegen  0.16/turn              m - ring of magical power
MPRegen  0.15/turn              (no ring)

@: no status effects
A: negative energy resistance 1, electricity resistance, unbreathing,
petrification resistance, rot immunity, AC +5
a: no special abilities


You were on level 6 of the Dungeon.
You were hungry.

You visited 1 branch of the dungeon, and saw 6 of its levels.

You collected 309 gold pieces.
You spent 24 gold pieces at shops.

Inventory:

Hand Weapons
 a - a +0 war axe (weapon)
Missiles
 d - 4 throwing nets (quivered)
Armour
 c - a +0 helmet (worn)
 e - a +0 cloak (worn)
 v - a +0 chain mail (worn)
Jewellery
 m - a ring of magical power (left hand)
Wands
 w - a wand of iceblast (8)
Scrolls
 g - a scroll of enchant weapon {unknown}
 i - a scroll of summoning {unknown}
 k - 4 scrolls of remove curse
 l - 3 scrolls of immolation
 n - a scroll of magic mapping {unknown}
 o - 5 scrolls of enchant armour
Potions
 p - 3 potions of degeneration
 r - 2 potions of flight
 u - a potion of invisibility {unknown}
Comestibles
 b - 7 chunks of flesh
 f - 13 rations


   Skills:
 + Level 5.1 Fighting
 * Level 6.1 Axes
 - Level 1.7 Throwing
 + Level 4.4 Armour
 + Level 4.2 Dodging


You had 7 spell levels left.
You didn't know any spells.
Your spell library was empty.

Dungeon Overview and Level Annotations

Branches:
Dungeon (6/15)
 Temple: D:4-7

Altars:
Gozag
Qazlal

Shops:
D:4 *   D:6 *

Annotations:
D:4 3 runed translucent doors, Ratty's ghost, novice MiMo
D:6 Pikel; Prince Ribbit


Innate Abilities, Weirdness & Mutations

You are resistant to torment.
Your stone body is resilient. (AC +5)
You are immune to poison.
You resist negative energy. (rN+)
You are resistant to electric shocks. (rElec)
You can survive without breathing.
You are immune to petrification.
You are immune to rotting.


Message History

You are feeling hungry.
Prince Ribbit hits you!
* * * LOW HITPOINT WARNING * * *
Prince Ribbit hits you.
* * * LOW HITPOINT WARNING * * *
You feel better.
Prince Ribbit hits you but does no damage.
b - 7 chunks of flesh (gained 3) Prince Ribbit hits you but does no damage.
Okay, then.
You slash Prince Ribbit!
Prince Ribbit is severely wounded.
Prince Ribbit misses you. Prince Ribbit hits you.
* * * LOW HITPOINT WARNING * * *
Unknown command.
It was a potion of magic.
Magic courses through your body.
Prince Ribbit hits you but does no damage.
Prince Ribbit hops awkwardly around.
Prince Ribbit hits you!
You die...

...#......###....... .
..................##.^
..................... .
.................... .. .
#..................... .#
#............# ... ..
#......#.....## ..#
.###..#..##......##...#
...#.###.#.....F@.....# .>...#
#........##.##.# .....#
.....###............. ..z.#.#
..........#..##.......# ........
<........##.###...§..... .....z..
.........#...#........#.[.......z
..#..........>........#........#S
.........#.......................
.........##.... ##...##..h


You could see Prince Ribbit.

Vanquished Creatures
  Menkaure (D:6)
  An orc warrior (D:6)
  4 slaves
  A centaur (D:6)
  A bullfrog (D:6)
  3 howler monkeys
  3 wights (D:6)
  A crimson imp (D:5)
  A centaur skeleton (D:5)
  2 orc priests
  An iguana (D:5)
  2 worker ants
  5 orc wizards
  2 hound skeletons (D:5)
  A howler monkey zombie (D:6)
  6 adders
  A shadow imp (D:5)
  An ooze (D:1)
  A worm (D:2)
  3 dart slugs (D:1)
  5 leopard geckos
  11 orcs
  3 giant cockroaches
  8 goblins
  2 hobgoblins (D:1)
  8 jackals
  8 kobolds
  2 ball pythons
  7 bats
  2 frilled lizards
  9 rats
106 creatures vanquished.

Notes
Turn   | Place    | Note
-------+----------+-------------------------------------------
     0 | D:1      | Borgoz the Gargoyle Gladiator began the quest for the Orb.
     0 | D:1      | Reached XP level 1. HP: 12/12 MP: 1/1
    94 | D:1      | Reached XP level 2. HP: 18/18 MP: 2/2
   220 | D:1      | Reached skill level 3 in Axes
   326 | D:1      | Reached skill level 1 in Armour
   338 | D:1      | Reached XP level 3. HP: 20/22 MP: 3/3
  1272 | D:2      | Reached XP level 4. HP: 26/27 MP: 4/4
  1722 | D:3      | Found a faded altar of an unknown god.
  2044 | D:4      | Reached XP level 5. HP: 27/32 MP: 5/5
  2118 | D:4      | Reached skill level 4 in Axes
  2362 | D:4      | Found Ryfufe's General Store.
  2368 | D:4      | Bought a scroll of identify for 24 gold pieces
  2493 | D:4      | Found a runed translucent gate.
  2493 | D:4      | Found a runed translucent gate.
  2494 | D:4      | Found an opulent altar of Gozag.
  2494 | D:4      | Found a runed translucent gate.
  2496 | D:4      | Noticed a sky beast
  2497 | D:4      | Noticed Ratty's ghost (novice MiMo)
  2537 | D:5      | Entered Level 5 of the Dungeon
  2540 | D:5      | Reached XP level 6. HP: 37/37 MP: 6/6
  2636 | D:5      | Found a stormy altar of Qazlal.
  2777 | D:6      | Noticed Menkaure
  2784 | D:6      | Killed Menkaure
  2784 | D:6      | Reached XP level 7. HP: 43/43 MP: 7/7
  2817 | D:6      | Found Pibiur's Assorted Antiques.
  2832 | D:5      | Reached skill level 5 in Axes
  3287 | D:6      | Noticed Pikel
  3290 | D:6      | Noticed Prince Ribbit
  3292 | D:6      | Reached XP level 8. HP: 30/48 MP: 8/8
  3608 | D:6      | Reached skill level 5 in Fighting
  3608 | D:6      | Reached skill level 6 in Axes
  3943 | D:6      | Slain by Prince Ribbit

Levels and vault maps discovered:
D:1:      dpeg_arrival_short_road, layout_loops_ring
D:2:      layout_loops_ring, roderic_roman_lattice
D:3:      layout_basic, chequers_ecumenical_altar_simple, first_ration
D:4:      layout_rooms, ebering_ghost_gozag, serial_shops, shop
D:5:      layout_cave_pools, basic_altar
D:6:      layout_cave_pools, minmay_temple_entry_crystal_x, serial_shops, shop,
          uniq_pikel, uniq_menkaure, uniq_prince_ribbit1

Skill      XL: |  1  2  3  4  5  6  7  8 |
---------------+-------------------------+-----
Axes           | 3 4 5 6 |  6.1
Armour         | 1 2 3 4 |  4.4
Fighting       | 3 4 5 |  5.1
Dodging        | 3 4 |  4.2
Throwing       | |  1.7

Action                   |  1- 3 |  4- 6 |  7- 9 || total
-------------------------+-------+-------+-------++-------
Melee: War axe           |   121 |   117 |   160 ||   398
  Use: Scroll            |     1 |     6 |     4 ||    11
       Potion            |       |     1 |     8 ||     9
 Stab: Sleeping          |     3 |       |       ||     3
  Eat: Chunk             |     1 |     5 |     4 ||    10
Armor: Leather armour    |    54 |    52 |       ||   106
       Chain mail        |       |    35 |   172 ||   207
Dodge: Dodged            |    81 |    88 |   122 ||   291

Table legend:
 A = Non-vault XP
 B = Vault XP
 C = Vault XP percentage of total XP
 D = Non-vault monster count
 E = Vault monster count
 F = Vault count percentage of total count
                 A         B        C        D         E       F
            +---------+---------+-------+---------+---------+-------
      Total |    1435 |     172 |  10.7 |     101 |       1 |   1.0
            +---------+---------+-------+---------+---------+-------
        D:1 |      50 |       0 |   0.0 |      22 |       0 |   0.0
        D:2 |      52 |       0 |   0.0 |      23 |       0 |   0.0
        D:3 |      28 |       0 |   0.0 |      10 |       0 |   0.0
        D:4 |     150 |       0 |   0.0 |       8 |       0 |   0.0
        D:5 |     273 |       0 |   0.0 |      17 |       0 |   0.0
        D:6 |     882 |     172 |  16.3 |      21 |       1 |   4.5
            +---------+---------+-------+---------+---------+-------
